[ AOE2 MATCH · #508537260 ]
UnrankedBurgundians vs Civ #61
[ REPLAY ANALYSIS · EXTRACTED FROM THE RECORDED GAME ]
Feudal
11:30
Castle
15:05
Imperial
—
| APM avg | 46.6 |
| APM peak | 106 |
| eAPM avg | 20.7 |
| Villagers / military | 76 / 37 |
Focus
⚔️ 24.8% · 🌾 75.2%
Knight ×29 · Monk ×5 · Spearman ×3
Feudal
10:24
Castle
13:57
Imperial
—
| APM avg | 26.3 |
| APM peak | 80 |
| eAPM avg | 15.8 |
| Villagers / military | 121 / 16 |
Focus
⚔️ 16.9% · 🌾 83.1%
Knight ×14 · Monk ×2
Feudal
10:10
Castle
13:41
Imperial
27:58
| APM avg | 31.8 |
| APM peak | 77 |
| eAPM avg | 17.5 |
| Villagers / military | 112 / 4 |
Focus
⚔️ 23.5% · 🌾 76.5%
Unknown (2703) ×33 · Militia ×3 · Monk ×1
Feudal
10:52
Castle
14:20
Imperial
—
| APM avg | 35.6 |
| APM peak | 79 |
| eAPM avg | 14.4 |
| Villagers / military | 58 / 23 |
Focus
⚔️ 15.2% · 🌾 84.8%
Skirmisher ×17 · Mangonel ×4 · Scorpion ×2
Feudal
12:15
Castle
16:25
Imperial
21:15
| APM avg | 37.8 |
| APM peak | 75 |
| eAPM avg | 17.1 |
| Villagers / military | 76 / 57 |
Focus
⚔️ 27.2% · 🌾 72.8%
Hand Cannoneer ×51 · Bombard Cannon ×6
Feudal
10:55
Castle
14:34
Imperial
28:25
| APM avg | 47.6 |
| APM peak | 91 |
| eAPM avg | 21.9 |
| Villagers / military | 73 / 25 |
Focus
⚔️ 36.6% · 🌾 63.4%
Genoese Crossbowman ×23 · Monk ×2
Match map
Initial resources + every placement click. Lines = walls · curves = elevation contours. ◆ gold · ⬟ stone · ● berries · ✦ relic · ◌ wall gap
Your base· ✓ Closed at 15:05 · 0t walls · 2 gate(s)
LMG_Leonardo's base· ✓ Closed at 13:57 · 0t walls · 2 gate(s)
enzopasq13's base· ✓ Closed at 13:41 · 0t walls · 2 gate(s)
ojoalcasla's base· ✓ Closed at 14:20 · 0t walls · 2 gate(s)
LMG_SON SABANDIJAS's base· ✓ Closed at 16:25 · 0t walls · 3 gate(s)
ojoalcojo's base· ✓ Closed at 14:34 · 0t walls · 3 gate(s)
Smoothed initial terrain · ◌ = detected wall gap · hover for details
Inputs per minute
— LMG_HERA DE TEMU - - LMG_Leonardo
Build order — LMG_HERA DE TEMU
First 150 of 202 actions detected
| 0:01 | Queue | Villager (Male) |
| 0:01 | Queue | Villager (Male) |
| 0:02 | Queue | Villager (Male) |
| 0:02 | Queue | Villager (Male) |
| 0:02 | Queue | Villager (Male) |
| 0:03 | Build | House |
| 0:05 | Build | House |
| 1:42 | Queue | Villager (Male) |
| 1:43 | Queue | Villager (Male) |
| 1:43 | Queue | Villager (Male) |
| 1:55 | Build | Lumber Camp |
| 2:09 | Queue | Villager (Male) |
| 2:09 | Queue | Villager (Male) |
| 2:10 | Queue | Villager (Male) |
| 2:10 | Queue | Villager (Male) |
| 2:10 | Queue | Villager (Male) |
| 2:32 | Research | Loom |
| 2:40 | Queue | Villager (Male) |
| 2:40 | Queue | Villager (Male) |
| 2:40 | Queue | Villager (Male) |
| 2:59 | Queue | Villager (Male) |
| 2:59 | Queue | Villager (Male) |
| 2:59 | Queue | Villager (Male) |
| 3:17 | Queue | Villager (Male) |
| 3:18 | Queue | Villager (Male) |
| 3:18 | Queue | Villager (Male) |
| 3:45 | Queue | Villager (Male) |
| 3:45 | Queue | Villager (Male) |
| 3:45 | Queue | Villager (Male) |
| 3:57 | Queue | Villager (Male) |
| 3:58 | Queue | Villager (Male) |
| 4:20 | Build | House |
| 4:37 | Queue | Villager (Male) |
| 4:37 | Queue | Villager (Male) |
| 4:37 | Queue | Villager (Male) |
| 4:41 | Build | House |
| 4:43 | Build | House |
| 5:38 | Queue | Villager (Male) |
| 5:39 | Queue | Villager (Male) |
| 5:59 | Build | Mill |
| 6:40 | Build | Farm |
| 6:41 | Build | Farm |
| 6:45 | Build | Farm |
| 6:50 | Queue | Villager (Male) |
| 6:50 | Queue | Villager (Male) |
| 6:50 | Queue | Villager (Male) |
| 7:20 | Build | Farm |
| 7:58 | Queue | Villager (Male) |
| 7:58 | Queue | Villager (Male) |
| 8:52 | Research | Feudal Age |
| 8:55 | Queue | Villager (Male) |
| 9:03 | Build | Mining Camp |
| 9:20 | Research | Feudal Age |
| 10:33 | Queue | Villager (Male) |
| 10:33 | Queue | Villager (Male) |
| 11:30 | Age | Feudal Age |
| 11:32 | Build | Blacksmith |
| 11:37 | Build | Market |
| 12:25 | Research | Castle Age |
| 12:25 | Research | Castle Age |
| 12:25 | Research | Castle Age |
| 12:26 | Research | Castle Age |
| 12:40 | Build | House |
| 12:57 | Build | Barracks |
| 13:07 | Research | Double-Bit Axe |
| 13:36 | Queue | Villager (Male) |
| 13:37 | Queue | Villager (Male) |
| 13:55 | Build | Stable |
| 14:04 | Build | House |
| 14:24 | Build | Farm |
| 15:05 | Age | Castle Age |
| 15:08 | Build | Monastery |
| 15:11 | Research | Cavalier (upgrade) |
| 15:15 | Research | Horse Collar |
| 15:36 | Build | Farm |
| 15:37 | Build | Farm |
| 15:41 | Queue | Villager (Male) |
| 15:42 | Queue | Monk |
| 15:42 | Queue | Monk |
| 15:49 | Queue | Spearman |
| 16:04 | Build | Farm |
| 16:11 | Build | Farm |
| 16:14 | Build | Farm |
| 16:16 | Queue | Villager (Male) |
| 16:16 | Queue | Villager (Male) |
| 16:29 | Queue | Monk |
| 16:39 | Build | Farm |
| 16:42 | Queue | Villager (Male) |
| 16:42 | Queue | Villager (Male) |
| 16:53 | Build | Palisade Gate |
| 17:18 | Queue | Villager (Male) |
| 17:18 | Queue | Villager (Male) |
| 17:26 | Queue | Knight |
| 17:27 | Queue | Knight |
| 17:27 | Queue | Knight |
| 17:34 | Build | Farm |
| 17:39 | Build | Farm |
| 17:42 | Build | Farm |
| 17:43 | Build | Farm |
| 18:02 | Queue | Monk |
| 18:06 | Queue | Spearman |
| 18:16 | Queue | Spearman |
| 18:21 | Build | House |
| 18:23 | Build | House |
| 18:31 | Research | Wheelbarrow |
| 18:57 | Build | Farm |
| 19:02 | Build | Farm |
| 19:03 | Build | Farm |
| 19:05 | Build | Farm |
| 19:07 | Queue | Villager (Male) |
| 19:08 | Queue | Villager (Male) |
| 19:25 | Queue | Knight |
| 19:26 | Queue | Knight |
| 19:26 | Queue | Knight |
| 19:29 | Build | Farm |
| 19:32 | Build | House |
| 19:33 | Build | House |
| 19:38 | Build | House |
| 19:52 | Queue | Monk |
| 20:01 | Queue | Villager (Male) |
| 20:01 | Queue | Villager (Male) |
| 20:19 | Research | Scale Barding Armor |
| 20:27 | Queue | Villager (Male) |
| 20:27 | Queue | Villager (Male) |
| 20:29 | Build | House |
| 20:30 | Build | House |
| 20:34 | Research | Gold Mining |
| 20:43 | Research | Husbandry |
| 20:52 | Build | Farm |
| 20:53 | Build | Farm |
| 21:01 | Build | Farm |
| 21:45 | Research | Sanctity |
| 22:07 | Build | Stable |
| 22:16 | Queue | Villager (Male) |
| 22:16 | Queue | Villager (Male) |
| 22:17 | Queue | Villager (Male) |
| 22:26 | Research | Forging |
| 22:28 | Queue | Knight |
| 22:28 | Queue | Knight |
| 22:28 | Queue | Knight |
| 22:29 | Queue | Knight |
| 22:46 | Queue | Villager (Male) |
| 22:47 | Queue | Villager (Male) |
| 22:47 | Queue | Villager (Male) |
| 23:26 | Research | Chain Barding Armor |
| 23:40 | Build | Stable |
| 23:55 | Queue | Villager (Male) |
| 23:55 | Queue | Villager (Male) |
| 24:23 | Queue | Knight |
| 24:23 | Queue | Knight |
Build order — LMG_Leonardo
First 150 of 275 actions detected
| 0:01 | Queue | Villager (Male) |
| 0:01 | Queue | Villager (Male) |
| 0:01 | Queue | Villager (Male) |
| 0:02 | Queue | Villager (Male) |
| 0:03 | Build | House |
| 0:04 | Build | House |
| 1:10 | Queue | Villager (Male) |
| 1:11 | Queue | Villager (Male) |
| 1:42 | Build | Lumber Camp |
| 1:45 | Queue | Villager (Male) |
| 1:46 | Queue | Villager (Male) |
| 2:06 | Queue | Villager (Male) |
| 2:06 | Queue | Villager (Male) |
| 2:07 | Queue | Villager (Male) |
| 2:07 | Queue | Villager (Male) |
| 2:34 | Queue | Villager (Male) |
| 2:34 | Queue | Villager (Male) |
| 3:14 | Queue | Villager (Male) |
| 3:15 | Queue | Villager (Male) |
| 3:15 | Queue | Villager (Male) |
| 3:42 | Build | House |
| 3:47 | Build | House |
| 3:48 | Build | House |
| 3:52 | Queue | Villager (Male) |
| 3:52 | Queue | Villager (Male) |
| 4:08 | Queue | Villager (Male) |
| 4:08 | Queue | Villager (Male) |
| 4:08 | Queue | Villager (Male) |
| 4:12 | Build | Mill |
| 4:45 | Queue | Villager (Male) |
| 4:45 | Queue | Villager (Male) |
| 4:45 | Queue | Villager (Male) |
| 5:18 | Queue | Villager (Male) |
| 5:18 | Queue | Villager (Male) |
| 5:18 | Queue | Villager (Male) |
| 6:53 | Queue | Villager (Male) |
| 6:53 | Queue | Villager (Male) |
| 7:15 | Build | Mining Camp |
| 7:32 | Queue | Villager (Male) |
| 7:57 | Research | Feudal Age |
| 9:44 | Queue | Villager (Male) |
| 9:44 | Queue | Villager (Male) |
| 9:59 | Build | Barracks |
| 10:12 | Build | House |
| 10:24 | Age | Feudal Age |
| 10:25 | Build | Market |
| 10:28 | Build | Blacksmith |
| 11:03 | Research | Loom |
| 11:10 | Build | Farm |
| 11:13 | Build | Farm |
| 11:19 | Build | Farm |
| 11:22 | Build | Farm |
| 11:25 | Research | Castle Age |
| 11:28 | Build | Farm |
| 11:43 | Build | Farm |
| 12:13 | Build | Farm |
| 12:18 | Build | Farm |
| 12:25 | Research | Double-Bit Axe |
| 12:28 | Queue | Villager (Male) |
| 12:28 | Queue | Villager (Male) |
| 12:53 | Queue | Villager (Male) |
| 13:30 | Build | House |
| 13:57 | Age | Castle Age |
| 13:59 | Build | Monastery |
| 14:13 | Build | Town Center |
| 14:17 | Queue | Villager (Male) |
| 14:51 | Build | Farm |
| 14:54 | Build | Farm |
| 14:56 | Queue | Monk |
| 14:56 | Queue | Monk |
| 14:59 | Queue | Villager (Male) |
| 14:59 | Queue | Villager (Male) |
| 15:07 | Build | House |
| 15:33 | Queue | Villager (Male) |
| 15:39 | Queue | Villager (Male) |
| 15:39 | Queue | Villager (Male) |
| 15:39 | Queue | Villager (Male) |
| 15:42 | Build | House |
| 15:45 | Build | Farm |
| 15:50 | Build | Farm |
| 16:04 | Queue | Villager (Male) |
| 16:10 | Build | Farm |
| 16:19 | Build | Farm |
| 16:23 | Build | Farm |
| 16:28 | Queue | Villager (Male) |
| 16:28 | Queue | Villager (Male) |
| 16:36 | Build | Lumber Camp |
| 16:43 | Build | Farm |
| 16:46 | Queue | Villager (Male) |
| 16:46 | Queue | Villager (Male) |
| 17:00 | Queue | Villager (Male) |
| 17:05 | Research | Horse Collar |
| 17:22 | Queue | Villager (Male) |
| 17:23 | Queue | Villager (Male) |
| 17:31 | Queue | Villager (Male) |
| 17:34 | Research | Bow Saw |
| 17:45 | Build | Farm |
| 17:49 | Build | Farm |
| 17:54 | Queue | Villager (Male) |
| 17:54 | Queue | Villager (Male) |
| 18:00 | Build | Lumber Camp |
| 18:15 | Queue | Villager (Male) |
| 18:15 | Queue | Villager (Male) |
| 18:23 | Build | Town Center |
| 18:29 | Queue | Villager (Male) |
| 18:29 | Queue | Villager (Male) |
| 18:36 | Build | Farm |
| 18:40 | Build | Farm |
| 18:43 | Queue | Villager (Male) |
| 18:43 | Queue | Villager (Male) |
| 18:45 | Queue | Villager (Male) |
| 19:06 | Build | Farm |
| 19:06 | Build | Farm |
| 19:07 | Build | Farm |
| 19:14 | Build | House |
| 19:15 | Build | House |
| 19:15 | Build | House |
| 19:30 | Build | House |
| 19:31 | Build | House |
| 19:32 | Build | House |
| 19:33 | Build | House |
| 19:35 | Build | House |
| 19:36 | Build | House |
| 19:38 | Build | House |
| 19:39 | Queue | Villager (Male) |
| 19:40 | Queue | Villager (Male) |
| 19:41 | Queue | Villager (Male) |
| 19:44 | Queue | Villager (Male) |
| 19:45 | Queue | Villager (Male) |
| 19:45 | Queue | Villager (Male) |
| 19:45 | Queue | Villager (Male) |
| 19:55 | Build | Farm |
| 19:55 | Build | Farm |
| 19:56 | Build | Farm |
| 19:56 | Build | Farm |
| 19:56 | Build | Farm |
| 20:01 | Queue | Villager (Male) |
| 20:01 | Queue | Villager (Male) |
| 20:18 | Queue | Villager (Male) |
| 20:19 | Queue | Villager (Male) |
| 20:20 | Queue | Villager (Male) |
| 20:29 | Build | Barracks |
| 20:31 | Research | Scale Barding Armor |
| 20:36 | Build | Farm |
| 20:36 | Build | Farm |
| 20:45 | Research | Gold Mining |
| 20:45 | Research | Gold Mining |
| 20:51 | Queue | Villager (Male) |
| 20:58 | Build | Farm |
| 21:04 | Queue | Villager (Male) |
Build order — enzopasq13
First 150 of 264 actions detected
| 0:01 | Queue | Villager (Male) |
| 0:03 | Build | House |
| 0:03 | Queue | Villager (Male) |
| 0:03 | Queue | Villager (Male) |
| 0:04 | Queue | Villager (Male) |
| 0:05 | Build | House |
| 1:30 | Queue | Villager (Male) |
| 1:30 | Queue | Villager (Male) |
| 1:51 | Build | Lumber Camp |
| 2:04 | Queue | Villager (Male) |
| 2:04 | Queue | Villager (Male) |
| 2:29 | Queue | Villager (Male) |
| 2:30 | Queue | Villager (Male) |
| 2:49 | Queue | Villager (Male) |
| 2:49 | Queue | Villager (Male) |
| 3:08 | Queue | Villager (Male) |
| 3:09 | Queue | Villager (Male) |
| 3:37 | Queue | Villager (Male) |
| 3:37 | Queue | Villager (Male) |
| 3:52 | Build | House |
| 3:53 | Build | House |
| 4:13 | Queue | Villager (Male) |
| 4:16 | Build | Mill |
| 4:16 | Queue | Villager (Male) |
| 4:47 | Queue | Villager (Male) |
| 4:48 | Queue | Villager (Male) |
| 5:01 | Queue | Villager (Male) |
| 5:39 | Queue | Villager (Male) |
| 6:00 | Queue | Villager (Male) |
| 6:01 | Queue | Villager (Male) |
| 6:01 | Queue | Villager (Male) |
| 6:31 | Queue | Villager (Male) |
| 7:03 | Queue | Villager (Male) |
| 8:00 | Research | Feudal Age |
| 8:25 | Queue | Villager (Male) |
| 8:25 | Queue | Villager (Male) |
| 8:32 | Build | Farm |
| 8:36 | Build | Farm |
| 8:40 | Build | Farm |
| 10:10 | Age | Feudal Age |
| 10:13 | Build | Market |
| 10:16 | Build | Blacksmith |
| 11:01 | Research | Castle Age |
| 11:35 | Build | House |
| 11:36 | Build | House |
| 12:22 | Research | Double-Bit Axe |
| 12:26 | Research | Horse Collar |
| 12:44 | Build | House |
| 12:59 | Queue | Villager (Male) |
| 13:01 | Queue | Villager (Male) |
| 13:20 | Build | House |
| 13:41 | Age | Castle Age |
| 13:44 | Build | Town Center |
| 13:49 | Queue | Villager (Male) |
| 13:55 | Build | Town Center |
| 14:03 | Build | House |
| 14:07 | Build | House |
| 14:15 | Build | Farm |
| 14:32 | Build | Farm |
| 14:36 | Queue | Villager (Male) |
| 14:41 | Build | Farm |
| 14:54 | Build | House |
| 15:03 | Build | Farm |
| 15:05 | Queue | Villager (Male) |
| 15:17 | Queue | Villager (Male) |
| 15:26 | Build | Farm |
| 15:31 | Queue | Villager (Male) |
| 15:36 | Queue | Villager (Male) |
| 15:36 | Queue | Villager (Male) |
| 15:39 | Build | House |
| 15:49 | Build | Farm |
| 15:51 | Queue | Villager (Male) |
| 15:56 | Build | Farm |
| 15:59 | Build | Farm |
| 16:02 | Build | Farm |
| 16:10 | Build | Farm |
| 16:11 | Queue | Villager (Male) |
| 16:12 | Queue | Villager (Male) |
| 16:15 | Build | House |
| 16:25 | Build | Farm |
| 16:28 | Build | Farm |
| 16:34 | Queue | Villager (Male) |
| 16:35 | Queue | Villager (Male) |
| 16:35 | Queue | Villager (Male) |
| 16:47 | Build | House |
| 16:49 | Build | House |
| 16:51 | Queue | Villager (Male) |
| 16:51 | Queue | Villager (Male) |
| 17:13 | Queue | Villager (Male) |
| 17:13 | Queue | Villager (Male) |
| 17:13 | Queue | Villager (Male) |
| 17:23 | Build | Mill |
| 17:24 | Build | Farm |
| 17:26 | Build | Farm |
| 17:27 | Build | Farm |
| 17:28 | Build | Farm |
| 17:29 | Build | Farm |
| 17:30 | Build | Farm |
| 17:33 | Queue | Villager (Male) |
| 17:33 | Queue | Villager (Male) |
| 17:34 | Queue | Villager (Male) |
| 17:45 | Queue | Villager (Male) |
| 17:45 | Queue | Villager (Male) |
| 17:51 | Build | Monastery |
| 17:55 | Queue | Villager (Male) |
| 17:55 | Queue | Villager (Male) |
| 17:59 | Queue | Villager (Male) |
| 18:00 | Queue | Villager (Male) |
| 18:22 | Queue | Villager (Male) |
| 18:23 | Queue | Villager (Male) |
| 18:23 | Queue | Villager (Male) |
| 18:27 | Build | Farm |
| 18:33 | Build | House |
| 18:37 | Queue | Villager (Male) |
| 18:37 | Queue | Villager (Male) |
| 18:48 | Queue | Monk |
| 18:53 | Queue | Villager (Male) |
| 18:53 | Queue | Villager (Male) |
| 18:54 | Queue | Villager (Male) |
| 18:54 | Queue | Villager (Male) |
| 19:02 | Build | Farm |
| 19:03 | Build | Farm |
| 19:05 | Queue | Villager (Male) |
| 19:06 | Queue | Villager (Male) |
| 19:09 | Build | Farm |
| 19:11 | Build | Farm |
| 19:14 | Build | Farm |
| 19:15 | Queue | Villager (Male) |
| 19:15 | Queue | Villager (Male) |
| 19:19 | Build | House |
| 19:21 | Build | House |
| 19:40 | Queue | Villager (Male) |
| 19:40 | Queue | Villager (Male) |
| 19:41 | Queue | Villager (Male) |
| 19:41 | Queue | Villager (Male) |
| 19:42 | Queue | Villager (Male) |
| 20:02 | Queue | Villager (Male) |
| 20:03 | Queue | Villager (Male) |
| 20:11 | Build | Mill |
| 20:12 | Build | Farm |
| 20:14 | Build | Farm |
| 20:15 | Build | Farm |
| 20:16 | Build | Farm |
| 20:17 | Build | Farm |
| 20:18 | Build | Farm |
| 20:20 | Build | Farm |
| 20:21 | Queue | Villager (Male) |
| 20:22 | Queue | Villager (Male) |
| 20:22 | Queue | Villager (Male) |
| 20:48 | Queue | Villager (Male) |
Build order — ojoalcasla
149 actions detected in the replay
| 0:00 | Queue | Villager (Male) |
| 0:00 | Queue | Villager (Male) |
| 0:02 | Build | House |
| 0:03 | Build | House |
| 0:04 | Queue | Villager (Male) |
| 0:04 | Queue | Villager (Male) |
| 1:10 | Queue | Villager (Male) |
| 2:24 | Build | Lumber Camp |
| 2:26 | Queue | Villager (Male) |
| 2:27 | Queue | Villager (Male) |
| 2:27 | Queue | Villager (Male) |
| 3:13 | Queue | Villager (Male) |
| 3:13 | Queue | Villager (Male) |
| 3:37 | Queue | Villager (Male) |
| 3:38 | Queue | Villager (Male) |
| 4:17 | Queue | Villager (Male) |
| 4:21 | Queue | Villager (Male) |
| 4:36 | Build | House |
| 4:37 | Build | House |
| 5:36 | Build | Mill |
| 6:10 | Queue | Villager (Male) |
| 6:56 | Queue | Villager (Male) |
| 6:56 | Queue | Villager (Male) |
| 7:23 | Build | Lumber Camp |
| 7:36 | Queue | Villager (Male) |
| 7:51 | Build | Mining Camp |
| 8:00 | Build | Farm |
| 8:08 | Queue | Villager (Male) |
| 8:38 | Build | Farm |
| 8:42 | Research | Feudal Age |
| 10:47 | Queue | Villager (Male) |
| 10:52 | Age | Feudal Age |
| 10:53 | Build | Market |
| 10:57 | Build | Blacksmith |
| 11:22 | Build | Farm |
| 11:40 | Research | Castle Age |
| 12:15 | Research | Double-Bit Axe |
| 13:00 | Build | House |
| 13:01 | Build | House |
| 13:54 | Build | House |
| 14:20 | Age | Castle Age |
| 14:22 | Queue | Villager (Male) |
| 14:28 | Build | Town Center |
| 14:33 | Build | Town Center |
| 14:36 | Queue | Villager (Male) |
| 14:41 | Build | Farm |
| 14:55 | Build | Farm |
| 15:01 | Research | Horse Collar |
| 15:34 | Queue | Villager (Male) |
| 15:34 | Queue | Villager (Male) |
| 16:01 | Build | Farm |
| 16:06 | Queue | Villager (Male) |
| 16:07 | Queue | Villager (Male) |
| 16:07 | Queue | Villager (Male) |
| 16:08 | Queue | Villager (Male) |
| 16:28 | Queue | Villager (Male) |
| 16:29 | Queue | Villager (Male) |
| 16:29 | Queue | Villager (Male) |
| 16:30 | Queue | Villager (Male) |
| 16:34 | Build | House |
| 16:35 | Build | House |
| 16:58 | Queue | Villager (Male) |
| 16:58 | Queue | Villager (Male) |
| 17:02 | Build | Farm |
| 17:04 | Build | Farm |
| 17:17 | Build | Farm |
| 17:26 | Queue | Villager (Male) |
| 17:27 | Queue | Villager (Male) |
| 17:29 | Build | Farm |
| 17:32 | Build | Farm |
| 17:35 | Build | Farm |
| 17:37 | Build | Farm |
| 17:40 | Build | Farm |
| 17:40 | Build | Farm |
| 17:41 | Build | Farm |
| 17:41 | Build | Farm |
| 17:47 | Build | Farm |
| 17:49 | Queue | Villager (Male) |
| 17:50 | Queue | Villager (Male) |
| 17:54 | Build | Farm |
| 18:18 | Queue | Villager (Male) |
| 18:29 | Queue | Villager (Male) |
| 18:29 | Queue | Villager (Male) |
| 18:35 | Build | Farm |
| 18:40 | Build | Siege Workshop |
| 18:50 | Research | Heavy Plow |
| 19:01 | Build | Farm |
| 19:07 | Research | Bow Saw |
| 19:21 | Queue | Villager (Male) |
| 19:40 | Queue | Villager (Male) |
| 19:40 | Queue | Villager (Male) |
| 19:41 | Queue | Villager (Male) |
| 19:41 | Queue | Villager (Male) |
| 19:55 | Build | Farm |
| 20:13 | Research | Wheelbarrow |
| 20:14 | Research | Town Watch |
| 20:26 | Queue | Villager (Male) |
| 20:27 | Queue | Villager (Male) |
| 20:48 | Queue | Mangonel |
| 20:49 | Queue | Mangonel |
| 20:49 | Queue | Mangonel |
| 21:04 | Build | Siege Workshop |
| 21:11 | Build | Siege Workshop |
| 21:15 | Queue | Villager (Male) |
| 21:15 | Queue | Villager (Male) |
| 21:36 | Build | Siege Workshop |
| 21:39 | Queue | Villager (Male) |
| 21:39 | Queue | Villager (Male) |
| 21:45 | Build | House |
| 21:45 | Build | House |
| 21:46 | Build | House |
| 21:50 | Build | House |
| 22:01 | Queue | Villager (Male) |
| 22:01 | Queue | Villager (Male) |
| 22:15 | Build | Barracks |
| 22:33 | Queue | Villager (Male) |
| 22:51 | Queue | Villager (Male) |
| 23:09 | Build | Archery Range |
| 23:09 | Build | Archery Range |
| 23:50 | Build | University |
| 23:56 | Queue | Mangonel |
| 24:55 | Research | Imperial Age |
| 25:00 | Research | Elite Skirmisher (upgrade) |
| 25:08 | Build | Archery Range |
| 25:12 | Queue | Villager (Male) |
| 25:13 | Queue | Villager (Male) |
| 25:48 | Queue | Skirmisher |
| 25:48 | Queue | Skirmisher |
| 25:48 | Queue | Skirmisher |
| 25:49 | Queue | Skirmisher |
| 25:49 | Queue | Skirmisher |
| 25:49 | Queue | Skirmisher |
| 25:49 | Queue | Skirmisher |
| 25:50 | Queue | Skirmisher |
| 25:50 | Queue | Skirmisher |
| 25:50 | Queue | Skirmisher |
| 25:51 | Queue | Skirmisher |
| 25:51 | Queue | Skirmisher |
| 25:51 | Queue | Skirmisher |
| 25:51 | Queue | Skirmisher |
| 25:52 | Queue | Skirmisher |
| 25:59 | Build | Barracks |
| 26:06 | Queue | Scorpion |
| 26:06 | Queue | Scorpion |
| 26:19 | Queue | Skirmisher |
| 26:20 | Queue | Skirmisher |
| 26:32 | Research | Fletching |
| 26:32 | Research | Padded Archer Armor |
| 26:56 | Build | Lumber Camp |
Build order — LMG_SON SABANDIJAS
First 150 of 194 actions detected
| 0:02 | Build | House |
| 0:05 | Build | House |
| 0:05 | Queue | Villager (Male) |
| 0:06 | Queue | Villager (Male) |
| 0:06 | Queue | Villager (Male) |
| 0:06 | Queue | Villager (Male) |
| 0:06 | Queue | Villager (Male) |
| 1:36 | Queue | Villager (Male) |
| 1:36 | Queue | Villager (Male) |
| 1:55 | Queue | Villager (Male) |
| 2:01 | Build | Lumber Camp |
| 2:06 | Queue | Villager (Male) |
| 2:06 | Queue | Villager (Male) |
| 2:51 | Queue | Villager (Male) |
| 2:51 | Queue | Villager (Male) |
| 3:17 | Queue | Villager (Male) |
| 3:17 | Queue | Villager (Male) |
| 3:25 | Queue | Villager (Male) |
| 3:26 | Queue | Villager (Male) |
| 3:26 | Queue | Villager (Male) |
| 3:41 | Queue | Villager (Male) |
| 3:41 | Queue | Villager (Male) |
| 3:45 | Build | House |
| 4:08 | Queue | Villager (Male) |
| 4:36 | Queue | Villager (Male) |
| 4:36 | Queue | Villager (Male) |
| 4:40 | Build | House |
| 4:43 | Build | House |
| 4:48 | Build | Mill |
| 5:17 | Queue | Villager (Male) |
| 5:18 | Queue | Villager (Male) |
| 5:18 | Queue | Villager (Male) |
| 5:34 | Queue | Villager (Male) |
| 5:35 | Queue | Villager (Male) |
| 5:35 | Queue | Villager (Male) |
| 6:06 | Build | House |
| 6:33 | Queue | Villager (Male) |
| 6:33 | Queue | Villager (Male) |
| 6:41 | Build | Lumber Camp |
| 6:46 | Queue | Villager (Male) |
| 7:13 | Queue | Villager (Male) |
| 7:26 | Queue | Villager (Male) |
| 7:26 | Queue | Villager (Male) |
| 7:27 | Queue | Villager (Male) |
| 7:41 | Build | Farm |
| 7:48 | Build | Farm |
| 7:49 | Queue | Villager (Male) |
| 8:04 | Build | Mining Camp |
| 8:15 | Queue | Villager (Male) |
| 8:16 | Queue | Villager (Male) |
| 8:22 | Build | Farm |
| 8:23 | Queue | Villager (Male) |
| 8:41 | Build | Farm |
| 8:42 | Queue | Villager (Male) |
| 8:53 | Build | Farm |
| 9:43 | Build | Farm |
| 9:46 | Research | Feudal Age |
| 10:16 | Queue | Villager (Male) |
| 10:16 | Queue | Villager (Male) |
| 10:50 | Queue | Villager (Male) |
| 12:15 | Age | Feudal Age |
| 12:19 | Build | Market |
| 12:21 | Build | Blacksmith |
| 12:27 | Research | Horse Collar |
| 12:28 | Research | Double-Bit Axe |
| 12:30 | Queue | Villager (Male) |
| 12:31 | Queue | Villager (Male) |
| 12:31 | Queue | Villager (Male) |
| 12:48 | Build | Farm |
| 13:29 | Build | Farm |
| 13:36 | Research | Castle Age |
| 14:09 | Build | Farm |
| 14:13 | Build | Farm |
| 14:14 | Build | Farm |
| 14:17 | Queue | Villager (Male) |
| 14:17 | Queue | Villager (Male) |
| 14:55 | Queue | Villager (Male) |
| 15:46 | Queue | Villager (Male) |
| 16:25 | Age | Castle Age |
| 16:32 | Build | Siege Workshop |
| 16:41 | Build | Monastery |
| 16:48 | Build | Farm |
| 16:50 | Build | Farm |
| 16:52 | Build | Farm |
| 17:02 | Build | House |
| 17:17 | Build | Barracks |
| 17:57 | Research | Imperial Age |
| 18:30 | Build | Archery Range |
| 19:06 | Queue | Villager (Male) |
| 19:07 | Queue | Villager (Male) |
| 19:07 | Queue | Villager (Male) |
| 19:11 | Research | Padded Archer Armor |
| 19:41 | Build | Archery Range |
| 20:14 | Build | Farm |
| 20:20 | Build | House |
| 20:39 | Build | House |
| 21:15 | Age | Imperial Age |
| 21:18 | Queue | Hand Cannoneer |
| 21:18 | Queue | Hand Cannoneer |
| 21:18 | Queue | Hand Cannoneer |
| 21:26 | Queue | Bombard Cannon |
| 21:26 | Queue | Bombard Cannon |
| 21:31 | Build | House |
| 21:34 | Queue | Villager (Male) |
| 21:34 | Queue | Villager (Male) |
| 21:49 | Queue | Hand Cannoneer |
| 21:51 | Queue | Hand Cannoneer |
| 21:51 | Queue | Hand Cannoneer |
| 21:52 | Queue | Hand Cannoneer |
| 21:52 | Queue | Hand Cannoneer |
| 22:02 | Queue | Hand Cannoneer |
| 22:06 | Build | House |
| 22:25 | Queue | Bombard Cannon |
| 22:26 | Queue | Bombard Cannon |
| 22:39 | Queue | Villager (Male) |
| 22:39 | Queue | Villager (Male) |
| 22:39 | Queue | Villager (Male) |
| 22:46 | Build | House |
| 22:47 | Queue | Hand Cannoneer |
| 22:47 | Queue | Hand Cannoneer |
| 22:48 | Queue | Hand Cannoneer |
| 23:03 | Queue | Hand Cannoneer |
| 23:03 | Queue | Hand Cannoneer |
| 23:03 | Queue | Hand Cannoneer |
| 23:05 | Queue | Villager (Male) |
| 23:06 | Queue | Villager (Male) |
| 23:22 | Queue | Hand Cannoneer |
| 23:22 | Queue | Hand Cannoneer |
| 23:26 | Queue | Villager (Male) |
| 23:26 | Queue | Villager (Male) |
| 23:29 | Build | House |
| 23:39 | Queue | Hand Cannoneer |
| 23:39 | Queue | Hand Cannoneer |
| 23:47 | Queue | Hand Cannoneer |
| 23:47 | Queue | Hand Cannoneer |
| 23:54 | Queue | Villager (Male) |
| 23:54 | Queue | Villager (Male) |
| 23:58 | Build | Farm |
| 23:58 | Build | Farm |
| 23:58 | Build | Farm |
| 23:59 | Queue | Villager (Male) |
| 24:04 | Queue | Hand Cannoneer |
| 24:04 | Queue | Hand Cannoneer |
| 24:05 | Queue | Villager (Male) |
| 24:16 | Queue | Hand Cannoneer |
| 24:17 | Queue | Hand Cannoneer |
| 24:26 | Queue | Hand Cannoneer |
| 24:40 | Queue | Hand Cannoneer |
| 24:41 | Queue | Hand Cannoneer |
| 24:42 | Queue | Villager (Male) |
Build order — ojoalcojo
First 150 of 173 actions detected
| 0:00 | Queue | Villager (Male) |
| 0:02 | Build | House |
| 0:03 | Build | House |
| 0:12 | Queue | Villager (Male) |
| 0:12 | Queue | Villager (Male) |
| 0:15 | Queue | Villager (Male) |
| 1:32 | Queue | Villager (Male) |
| 1:55 | Queue | Villager (Male) |
| 1:59 | Build | Lumber Camp |
| 2:20 | Queue | Villager (Male) |
| 2:49 | Queue | Villager (Male) |
| 2:54 | Build | House |
| 2:55 | Build | House |
| 3:18 | Queue | Villager (Male) |
| 3:19 | Queue | Villager (Male) |
| 3:50 | Build | House |
| 3:54 | Queue | Villager (Male) |
| 4:10 | Queue | Villager (Male) |
| 4:22 | Queue | Villager (Male) |
| 4:37 | Queue | Villager (Male) |
| 5:32 | Build | Mill |
| 5:32 | Queue | Villager (Male) |
| 5:36 | Queue | Villager (Male) |
| 5:56 | Queue | Villager (Male) |
| 6:05 | Queue | Villager (Male) |
| 6:06 | Queue | Villager (Male) |
| 6:30 | Queue | Villager (Male) |
| 7:08 | Queue | Villager (Male) |
| 7:55 | Research | Feudal Age |
| 8:26 | Build | Mining Camp |
| 8:34 | Build | House |
| 8:48 | Build | Barracks |
| 10:00 | Queue | Villager (Male) |
| 10:00 | Queue | Villager (Male) |
| 10:51 | Build | Mining Camp |
| 10:55 | Age | Feudal Age |
| 10:57 | Build | Market |
| 10:58 | Build | Blacksmith |
| 11:11 | Build | Farm |
| 11:22 | Build | House |
| 11:54 | Research | Castle Age |
| 12:02 | Build | Farm |
| 12:05 | Build | Farm |
| 12:16 | Build | Farm |
| 12:34 | Research | Double-Bit Axe |
| 13:29 | Build | Farm |
| 14:34 | Age | Castle Age |
| 14:37 | Build | Castle |
| 14:40 | Queue | Villager (Male) |
| 14:44 | Research | Bow Saw |
| 14:45 | Research | Horse Collar |
| 14:50 | Research | Gold Mining |
| 15:01 | Queue | Villager (Male) |
| 15:24 | Queue | Villager (Male) |
| 15:45 | Build | Monastery |
| 15:47 | Queue | Villager (Male) |
| 15:57 | Build | Farm |
| 16:09 | Queue | Villager (Male) |
| 16:26 | Queue | Villager (Male) |
| 16:31 | Build | Farm |
| 16:46 | Queue | Genoese Crossbowman |
| 16:52 | Queue | Monk |
| 16:53 | Queue | Villager (Male) |
| 17:18 | Queue | Villager (Male) |
| 17:23 | Build | Town Center |
| 17:29 | Queue | Villager (Male) |
| 17:30 | Queue | Genoese Crossbowman |
| 17:30 | Queue | Genoese Crossbowman |
| 17:42 | Build | Farm |
| 17:54 | Queue | Villager (Male) |
| 17:57 | Build | Farm |
| 18:11 | Queue | Genoese Crossbowman |
| 18:24 | Research | Fletching |
| 18:27 | Queue | Genoese Crossbowman |
| 18:28 | Queue | Villager (Male) |
| 18:41 | Queue | Monk |
| 18:49 | Queue | Genoese Crossbowman |
| 18:50 | Queue | Villager (Male) |
| 18:53 | Build | Farm |
| 18:55 | Build | Farm |
| 19:13 | Queue | Villager (Male) |
| 19:16 | Build | Farm |
| 19:17 | Build | Farm |
| 19:19 | Queue | Villager (Male) |
| 19:31 | Queue | Genoese Crossbowman |
| 19:57 | Queue | Genoese Crossbowman |
| 19:58 | Queue | Villager (Male) |
| 19:59 | Queue | Villager (Male) |
| 20:02 | Build | Farm |
| 20:03 | Build | Farm |
| 20:12 | Queue | Villager (Male) |
| 20:16 | Build | Farm |
| 20:17 | Build | Farm |
| 20:44 | Queue | Villager (Male) |
| 20:45 | Queue | Villager (Male) |
| 20:46 | Build | Farm |
| 20:46 | Queue | Villager (Male) |
| 20:49 | Queue | Genoese Crossbowman |
| 20:49 | Queue | Genoese Crossbowman |
| 21:14 | Queue | Villager (Male) |
| 21:16 | Queue | Villager (Male) |
| 21:16 | Queue | Villager (Male) |
| 21:54 | Queue | Genoese Crossbowman |
| 21:54 | Queue | Villager (Male) |
| 21:56 | Queue | Genoese Crossbowman |
| 22:00 | Research | Bodkin Arrow |
| 22:05 | Build | Town Center |
| 22:19 | Queue | Genoese Crossbowman |
| 22:20 | Queue | Villager (Male) |
| 22:37 | Queue | Villager (Male) |
| 22:38 | Queue | Villager (Male) |
| 22:38 | Queue | Genoese Crossbowman |
| 22:49 | Build | House |
| 22:50 | Build | House |
| 22:50 | Build | House |
| 22:51 | Build | House |
| 22:51 | Build | House |
| 22:52 | Queue | Villager (Male) |
| 22:55 | Queue | Villager (Male) |
| 23:18 | Queue | Villager (Male) |
| 23:21 | Queue | Genoese Crossbowman |
| 23:24 | Build | Farm |
| 23:27 | Build | Farm |
| 23:32 | Queue | Villager (Male) |
| 23:32 | Queue | Villager (Male) |
| 23:34 | Queue | Villager (Male) |
| 23:52 | Queue | Villager (Male) |
| 23:53 | Queue | Villager (Male) |
| 24:00 | Build | Lumber Camp |
| 24:31 | Queue | Villager (Male) |
| 24:35 | Build | House |
| 24:37 | Build | House |
| 24:38 | Queue | Villager (Male) |
| 24:38 | Queue | Villager (Male) |
| 24:40 | Build | Farm |
| 24:41 | Build | Farm |
| 25:15 | Research | Imperial Age |
| 25:21 | Queue | Genoese Crossbowman |
| 25:31 | Build | Siege Workshop |
| 25:54 | Build | Castle |
| 25:57 | Queue | Genoese Crossbowman |
| 25:57 | Queue | Genoese Crossbowman |
| 25:59 | Queue | Villager (Male) |
| 26:06 | Build | University |
| 26:08 | Build | House |
| 26:12 | Queue | Genoese Crossbowman |
| 26:14 | Queue | Villager (Male) |
| 26:14 | Queue | Villager (Male) |
| 26:15 | Queue | Villager (Male) |
| 26:21 | Queue | Villager (Male) |
Match timeline
| 8:48 | ojoalcojo · first_building Barracks |
| 9:59 | LMG_Leonardo · first_building Barracks |
| 10:10 | enzopasq13 · age_up feudal |
| 10:24 | LMG_Leonardo · age_up feudal |
| 10:52 | ojoalcasla · age_up feudal |
| 10:55 | ojoalcojo · age_up feudal |
| 11:30 | LMG_HERA DE TEMU · age_up feudal |
| 12:15 | LMG_SON SABANDIJAS · age_up feudal |
| 12:57 | LMG_HERA DE TEMU · first_building Barracks |
| 13:41 | enzopasq13 · age_up castle |
| 13:55 | LMG_HERA DE TEMU · first_building Stable |
| 13:57 | LMG_Leonardo · age_up castle |
| 13:59 | LMG_Leonardo · first_building Monastery |
| 14:20 | ojoalcasla · age_up castle |
| 14:22 | ojoalcojo · first_market_sell 100 wood |
| 14:23 | ojoalcojo · first_market_buy 100 stone |
| 14:34 | ojoalcojo · age_up castle |
| 14:37 | ojoalcojo · first_building Castle |
| 15:05 | LMG_HERA DE TEMU · age_up castle |
| 15:08 | LMG_HERA DE TEMU · first_building Monastery |
| 15:35 | LMG_HERA DE TEMU · first_market_buy 100 wood |
| 15:45 | ojoalcojo · first_building Monastery |
| 16:25 | LMG_SON SABANDIJAS · age_up castle |
| 16:32 | LMG_SON SABANDIJAS · first_building Siege Workshop |
| 16:41 | LMG_SON SABANDIJAS · first_building Monastery |
| 17:17 | LMG_SON SABANDIJAS · first_building Barracks |
| 17:24 | LMG_SON SABANDIJAS · first_market_sell 100 stone |
| 17:51 | enzopasq13 · first_building Monastery |
| 18:30 | LMG_SON SABANDIJAS · first_building Archery Range |
| 18:40 | ojoalcasla · first_building Siege Workshop |
| 21:15 | LMG_SON SABANDIJAS · age_up imperial |
| 21:43 | LMG_Leonardo · first_building Stable |
| 22:15 | ojoalcasla · first_building Barracks |
| 22:16 | enzopasq13 · first_market_buy 100 wood |
| 22:53 | enzopasq13 · first_building Barracks |
| 23:09 | ojoalcasla · first_building Archery Range |
| 23:34 | ojoalcasla · first_market_sell 100 food |
| 24:21 | LMG_Leonardo · first_market_buy 100 food |
| 25:31 | ojoalcojo · first_building Siege Workshop |
| 26:08 | enzopasq13 · first_market_sell 100 wood |
| 27:36 | ojoalcasla · resign |
| 27:58 | enzopasq13 · age_up imperial |
| 28:05 | LMG_Leonardo · first_building Castle |
| 28:25 | ojoalcojo · age_up imperial |
[ AI ANALYSIS · 1 CREDIT ]
What really happened in this match?
Wolo.gg analyzes every decision: build order, eco, micro, common mistakes by bracket. Personalized analysis on WhatsApp or Discord in 30 seconds.
Civ guide
Burgundians
Perfil
Jugador #12168959